AoeStats
← ITA | MarknighT

Golden Pit

507680470Analyzed
1v1 RM · 14d ago on Sep 19, 2026· 30m 5s· 2 players
Game mode
Random Map
Map size
Tiny (2 player)
Population
200
Speed
Normal
Resources
Standard
Victory
Conquest
Starting age
Dark Age
Ending age
Imperial Age
RankedLock teamsTeams togetherTeam positionsShared explorationLock speedFull tech treeHidden civsTurbo modeCheats
Victory
Defeat
🇮🇹 Spanish · Italy
1968
+16
🇨🇳 Teutons · China
1968
-16
ITA | MarknighT
5:55 Loom
8:28 Feudal Age
9:12 Double-Bit Axe
22:11 Castle Age
19:54 Horse Collar
20:05 Gold Mining
21:58 Bloodlines
23:59 Bow Saw
25:18 Scale Barding Armor
28:41 Light Cavalry
爱种田的老板
7:53 Loom
10:18 Feudal Age
10:47 Double-Bit Axe
10:30 Man-at-Arms
17:13 Fletching
22:05 Castle Age
21:08 Scale Barding Armor
22:04 Horse Collar
22:47 Bodkin Arrow
29:02 Sanctity
Connection lost

Rejoining the realm…

Still unreachable

The connection could not be restored.

Session expired

The server has moved on; the page needs a fresh start.